 Dungeon Crawl Stone Soup version 0.22.1-5-g62c59d9 (webtiles) character file.

662 infcreate the Conjurer (level 7, -2/36 HPs)
             Began as a Deep Elf Conjurer on Jan 11, 2019.
             Was an Initiate of Vehumet.
             Slain by a sky beast (5 damage)
             ... on level 5 of the Dungeon.
             The game lasted 00:29:44 (4230 turns).

infcreate the Conjurer (Deep Elf Conjurer)          Turns: 4230, Time: 00:29:45

Health: -2/36      AC:  3    Str:  5    XL:     7   Next: 30%
Magic:  7/19       EV: 14    Int: 22    God:    Vehumet [......]
Gold:   286        SH:  0    Dex: 17    Spells: 8/19 levels left

rFire    . . .     SeeInvis .   (no weapon)
rCold    . . .     Gourm    .   (no shield)
rNeg     . . .     Faith    .   a - +0 robe
rPois    .         Spirit   .   (no helmet)
rElec    .         Reflect  .   i - +0 cloak (curse)
rCorr    .         Harm     .   (no gloves)
MR       .....                  (no boots)
Stlth    +++.......             (no amulet)
HPRegen  0.12/turn              o - +2 ring of dexterity
MPRegen  0.16/turn              (no ring)

@: no status effects
A: no striking features
a: Renounce Religion


You were on level 5 of the Dungeon.
You worshipped Vehumet.
Vehumet was noncommittal.
You were not hungry.

You visited 2 branches of the dungeon, and saw 7 of its levels.

You collected 286 gold pieces.

Inventory:

Armour
 a - a +0 robe (worn)
 i - a cursed +0 cloak (worn)
Jewellery
 k - an uncursed ring of fire
 o - a +2 ring of dexterity (left hand)
Scrolls
 b - 2 scrolls of amnesia
 d - a scroll of identify
 e - a scroll of blinking
 l - a scroll of enchant weapon {unknown}
Potions
 f - 4 potions of curing {unknown}
 g - a potion of magic {unknown}
 h - a potion of might {unknown}
 j - a potion of berserk rage {unknown}
 m - a potion of ambrosia {unknown}
Comestibles
 c - 6 rations


   Skills:
 + Level 3.3 Dodging
 + Level 4.1 Stealth
 + Level 6.9 Spellcasting
 + Level 7.5 Conjurations


You had 8 spell levels left.
You knew the following spells:

 Your Spells              Type           Power        Failure   Level  Hunger
a - Magic Dart            Conj           ####         1%          1    None
b - Searing Ray           Conj           #####.       1%          2    None
c - Iskenderun's Mystic   Conj           #####...     3%          4    ###....
d - Fulminant Prism       Conj/Hex       ###.......   19%         4    ###....

Your spell library contained the following spells:

 Spells                   Type           Power        Failure   Level  Hunger
 Dazzling Spray           Conj/Hex       ###...       5%          3    None
 Force Lance              Conj/Tloc      ###.....     19%         4    ###....


Dungeon Overview and Level Annotations

Branches:
Dungeon (6/15)             Temple (1/1) D:5

Altars:
Ashenzari
Dithmenos
Elyvilon
Gozag
Hepliaklqana
Kikubaaqudgha
Makhleb
Nemelex Xobeh
Okawaru
Ru
Sif Muna
Trog
Uskayaw
Vehumet
Wu Jian
Xom
Yredelemnul
Zin
The Shining One


Message History

Confirm with . or Enter, or press ? or * to list all spells.
Aiming: Searing Ray (safe; 1% risk of failure)
Press: ? - help, Shift-Dir - straight line, f - sky beast
Aim: a sky beast The searing ray hits the sky beast.
The sky beast is lightly wounded. (Press . to maintain the ray.)
The sky beast hits you. The sky beast shocks you.
The searing ray hits the sky beast.
The sky beast is heavily wounded.
The sky beast hits you.
* * * LOW HITPOINT WARNING * * *
The sky beast shocks you.
* * * LOW HITPOINT WARNING * * *
The searing ray hits the sky beast.
The sky beast is severely wounded.
The sky beast hits you.
* * * LOW HITPOINT WARNING * * *
The sky beast shocks you.
You die...

... #.# ###. #.# #.## #.. ##'##
... #.# ##...## ###.##### ###.###
#.....## #.......# #.....##
.......## #.#.###.# #.#.#..## #
........###....##.####.#.....####
........'.....≈Y@....>..........'
........###....##.####.......####
.......## #.#.###.# ######..# #
#./...## #.#.###.# ##.# ##...##
#.......# #.# ##+## ###.##### #.#
#.# #.# #.# #.##### #.# #.#
###.....# #.# #.# ##


You could see a sky beast.

Vanquished Creatures
  A sky beast (D:4)
  An ogre (D:5)
  A phantom (D:6)
  2 bullfrogs (D:6)
  A water moccasin skeleton (D:5)
  An orc wizard (D:5)
  2 worker ants (D:4)
  A hound zombie (D:6)
  5 adders
  2 worms
  A dart slug (D:1)
  3 leopard geckos (D:1)
  12 orcs
  A bat (D:2)
  3 giant cockroaches
  7 goblins
  8 hobgoblins
  2 quokkas
  3 ball pythons
  5 frilled lizards
  4 kobolds
  A quokka skeleton (D:4)
  8 rats
75 creatures vanquished.

Vanquished Creatures (others)
  2 fulminant prisms (D:5)
2 creatures vanquished.

Grand Total: 77 creatures vanquished

Notes
Turn   | Place    | Note
-------+----------+-------------------------------------------
     0 | D:1      | infcreate the Deep Elf Conjurer began the quest for the
                  | Orb.
     0 | D:1      | Reached XP level 1. HP: 10/10 MP: 6/6
    24 | D:1      | You fall through a shaft!
   160 | D:1      | Reached XP level 2. HP: 15/15 MP: 6/8
   193 | D:1      | Learned a level 2 spell: Searing Ray
   341 | D:1      | Reached skill level 5 in Conjurations
   800 | D:2      | Reached XP level 3. HP: 19/19 MP: 7/9
  1233 | D:2      | Found a sparkling altar of Nemelex Xobeh.
  1336 | D:2      | Reached XP level 4. HP: 24/24 MP: 4/11
  1694 | D:3      | Learned a level 4 spell: Iskenderun's Mystic Blast
  1808 | D:3      | Found a bloodstained altar of Trog.
  1808 | D:3      | Found a shattered altar of Ashenzari.
  1809 | D:3      | Found a sparkling altar of Nemelex Xobeh.
  2034 | D:3      | Reached skill level 6 in Conjurations
  2254 | D:4      | You fall through a shaft for 2 floors!
  2254 | D:6      | Noticed a bullfrog
  2258 | D:6      | Killed a bullfrog
  2258 | D:6      | Reached XP level 5. HP: 28/28 MP: 4/14
  2338 | D:6      | Learned a level 4 spell: Fulminant Prism
  2398 | D:6      | Noticed a phantom
  2433 | D:6      | Killed a phantom
  2433 | D:6      | Reached skill level 5 in Spellcasting
  2433 | D:6      | Reached XP level 6. HP: 32/32 MP: 0/16
  2523 | D:5      | Entered Level 5 of the Dungeon
  2646 | D:5      | Found a staircase to the Ecumenical Temple.
  2684 | Temple   | Entered the Ecumenical Temple
  3009 | Temple   | Became a worshipper of Vehumet
  3081 | D:5      | Noticed a sky beast
  3105 | D:5      | Reached skill level 7 in Conjurations
  3223 | D:4      | Killed a sky beast
  3734 | D:4      | Reached XP level 7. HP: 36/36 MP: 10/18
  3998 | D:5      | Found a shimmering altar of Xom.
  4152 | D:5      | Found an ornate altar of the Wu Jian Council.
  4230 | D:5      | Slain by a sky beast

Skill      XL: |  1  2  3  4  5  6  7 |
---------------+----------------------+-----
Conjurations   | 5 6 7 |  7.5
Spellcasting   | 4 5 6 |  6.9
Stealth        | 3 4 |  4.1
Dodging        | 3 |  3.3

Action                   |  1- 3 |  4- 6 |  7- 9 || total
-------------------------+-------+-------+-------++-------
Melee: Unarmed           |       |     1 |       ||     1
 Cast: Magic Dart        |    72 |    66 |     4 ||   142
       Searing Ray       |     2 |    13 |     3 ||    18
       Iskenderun's Myst |       |     1 |       ||     1
       Fulminant Prism   |       |       |     2 ||     2
  Use: Scroll            |       |     2 |     2 ||     4
  Eat: Chunk             |     1 |     4 |     2 ||     7
       Ration            |       |     1 |       ||     1
Armor: Robe              |     2 |     3 |     1 ||     6
Dodge: Dodged            |     7 |    27 |       ||    34
